 Dungeon Crawl Stone Soup version 0.29.1-4-g47bece8355 (webtiles) character file.

Game seed: 6726011528639274776

2186 ChadusMaximus the Summoner (level 9, -11/57 HPs)
             Began as a Human Summoner on Dec 9, 2022.
             Killed by divine providence
             ... invoked by an orc priest
              (16 damage)
             ... on level 6 of the Dungeon.
             The game lasted 00:11:31 (7671 turns).

ChadusMaximus the Summoner (Human Summoner)         Turns: 7671, Time: 00:11:32

Health: -11/57     AC:  7    Str:  9    XL:     9   Next: 59%
Magic:  13/19      EV: 12    Int: 20    God:
Gold:   420        SH:  0    Dex: 13    Spells: 11/21 levels left

rFire   . . .      SeeInvis +   s - +2 flail (vorpal)
rCold   . . .      Faith    .   (no shield)
rNeg    . . .      Spirit   .   a - +0 robe
rPois   .          Reflect  .   (no helmet)
rElec   .          Harm     .   A - +2 cloak
rCorr   .          Rampage  .   (no gloves)
Will    .....                   t - +1 pair of boots {Fly}
Stlth   ++........              E - amulet of the acrobat
HPRegen 0.19/turn               r - ring of see invisible
MPRegen 0.16/turn               (no ring)

@: about to teleport, flying, hasted, very quick
A: no striking features
a: no special abilities


You were on level 6 of the Dungeon.
You visited 2 branches of the dungeon, and saw 7 of its levels.

You collected 420 gold pieces.

Inventory:

Hand Weapons
 d - a +0 whip
 f - a +0 mace
 s - a +2 vorpal flail (weapon)
 w - a +0 dagger
Armour
 a - a +0 robe (worn)
 t - a +1 pair of boots of flying (worn)
 A - a +2 cloak (worn)
Magical Staves
 c - a staff of cold
Jewellery
 r - a ring of see invisible (left hand)
 E - an amulet of the acrobat (around neck)
Wands
 D - a wand of polymorph (11)
 F - a wand of roots (6)
Scrolls
 g - a scroll of torment {unknown}
 h - 3 scrolls of fear {unknown}
 j - 3 scrolls of identify {unknown}
 m - a scroll of silence {unknown}
 o - a scroll of vulnerability {unknown}
 p - 2 scrolls of teleportation
 q - a scroll of poison {unknown}
 u - a scroll of enchant armour {unknown}
 v - 2 scrolls of immolation {unknown}
 y - a scroll of magic mapping {unknown}
 C - a scroll of enchant weapon {unknown}
Potions
 b - 2 potions of magic
 e - a potion of heal wounds {unknown}
 i - a potion of haste
 k - 2 potions of flight {unknown}
 l - 2 potions of degeneration {unknown}
 n - a potion of berserk rage {unknown}
 x - 2 potions of curing {unknown}
 z - a potion of might {unknown}
 B - 2 potions of attraction {unknown}


   Skills:
 - Level 2.0 Dodging
 - Level 2.0 Stealth
 + Level 6.6 Spellcasting
 * Level 10.7 Summonings


You had 11 spell levels left.
You knew the following spells:

 Your Spells              Type           Power      Damage    Failure   Level
a - Summon Small Mammal   Summ           100%       N/A       1%          1
b - Call Canine Familiar  Summ           49%        N/A       1%          3
c - Call Imp              Summ           49%        N/A       1%          2
d - Summon Lightning Spi  Summ/Air       28%        N/A       11%         4

Your spell library contained the following spells:

 Spells                   Type           Power      Damage    Failure   Level
 Summon Guardian Golem    Hex/Summ       28%        N/A       3%          3
 Apportation              Tloc           12%        N/A       10%         1
 Magic Dart               Conj           24%        1d4       10%         1
 Necrotise                Necr           24%        1d5       10%         1
 Searing Ray              Conj           12%        2d4       14%         2
 Ignite Poison            Fire/Tmut/Pois 6%         N/A       28%         3
 Mephitic Cloud           Conj/Pois/Air  6%         N/A       28%         3
 Fulminant Prism          Conj/Hex       3%         3d6       67%         4
 Freezing Cloud           Conj/Ice/Air   3%         6-21      95%         5


Dungeon Overview and Level Annotations

Branches:
Dungeon (6/15)             Temple (1/1) D:4

Altars:
Ashenzari
Cheibriados
Dithmenos
Elyvilon
Fedhas
Gozag
Nemelex Xobeh
Okawaru
Ru
Trog
Uskayaw
Wu Jian
Xom
Yredelemnul
The Shining One

Shops:
D:1 ?


Message History

Confirm with . or Enter, or press ? or * to list all spells.
The orc priest mumbles some strange prayers to Beogh against you.
You struggle to resist.
The orc priest hits your lightning spire but does no damage.
The orc priest looks braver for a moment.
Your wolf barely misses the orc priest. x2
The orc priest looks braver for a moment.
You hit the orc priest.
The orc priest is moderately wounded.
Your wolf barely misses the orc priest.
The orc wizard hits your lightning spire but does no damage.
Your wolf bites the orc priest.
The orc priest invokes the aid of Beogh against you.
Beogh smites you!
The orc priest hits your wolf with a +0 club.
Your lightning spire shoots out a bolt of lightning at the orc priest!
The bolt of electricity hits the orc priest!
The orc priest dies!
The orc priest invokes the aid of Beogh against you.
Beogh smites you!
* * * LOW HITPOINT WARNING * * *
An ogre comes into view. It is wielding a +0 giant spiked club.
The ogre shouts!
Okay, then.
As you read the scroll of teleportation, it crumbles to dust.
You feel strangely unstable.
You hit the orc priest.
The orc priest is moderately wounded.
Your wolf bites the orc priest.
Something hits your wolf.
The orc priest mumbles some strange prayers to Beogh against you.
Pain shoots through your body!
* * * LOW HITPOINT WARNING * * *
Your wolf barely misses the orc priest.
Something hits your wolf but does no damage.
The orc priest barely misses you. The orc priest barely misses your wolf.
It was a potion of haste.
You feel yourself speed up.
Your wolf misses the orc priest. Something closely misses your wolf.
The orc priest invokes the aid of Beogh against you.
Beogh smites you!
You die...

#'# #.##### #.# #.#
#o# #.# ##.## #.#
##.o.## #.#
#.8h..######.#
##...........#
.########h.#########
....O..@o..#
.###########


You could see an ogre, an orc priest (ally target) and a friendly wolf
(summoned).

Vanquished Creatures
  2 hounds (D:4)
  A jelly (D:5)
  4 adders
  A gnoll (D:3)
  A worm (D:2)
  2 dart slugs
  10 orcs
  A bat (D:1)
  6 endoplasms
  5 giant cockroaches
  9 goblins
  5 hobgoblins
  9 kobolds
  A quokka (D:2)
  10 ball pythons
  4 frilled lizards
  4 rats
75 creatures vanquished.

Vanquished Creatures (collateral kills)
  Prince Ribbit (D:6)
  Grinder (D:5)
  Sigmund (D:3)
  A nameless horror (D:6)
  Duvessa (D:6)
  An ice beast (D:6)
  A black bear (D:5)
  An ogre (D:4)
  A centaur (D:5)
  2 phantoms
  A bullfrog (D:6)
  2 scorpions
  A necrophage (D:6)
  Dowan (D:6)
  A howler monkey (D:4)
  2 jellies
  3 orc priests
  3 hounds
  3 iguanas (D:5)
  Ijyb (D:5)
  An orc wizard (D:3)
  5 gnolls (D:3)
  5 adders
  A shadow imp (D:6)
  A worm (D:5)
  A dart slug (D:4)
  13 orcs
  3 ball pythons
  A bat (D:2)
  2 endoplasms
  2 giant cockroaches
  2 goblins (D:4)
  3 hobgoblins
  2 kobolds
  3 quokkas
  2 frilled lizards (D:3)
  4 rats (D:3)
80 creatures vanquished.

Grand Total: 155 creatures vanquished

Notes
Turn   | Place    | Note
-------+----------+-------------------------------------------
     0 | D:1      | ChadusMaximus the Human Summoner began the quest for the
                  | Orb.
     0 | D:1      | Reached XP level 1. HP: 13/13 MP: 3/3
   753 | D:1      | Reached XP level 2. HP: 16/19 MP: 5/5
  1232 | D:1      | Found Gomoug's Magic Scroll Shop.
  1430 | D:1      | Found a faded altar of an unknown god.
  1432 | D:1      | Reached XP level 3. HP: 24/24 MP: 6/6
  1560 | D:1      | Learned a level 3 spell: Call Canine Familiar
  1563 | D:1      | Learned a level 2 spell: Call Imp
  2166 | D:2      | Reached XP level 4. HP: 30/30 MP: 1/7
  2492 | D:2      | Reached skill level 5 in Summonings
  2912 | D:2      | Reached XP level 5. HP: 16/35 MP: 5/9
  3184 | D:3      | Noticed Sigmund
  3210 | D:3      | Killed Sigmund
  3211 | D:3      | Reached skill level 6 in Summonings
  3211 | D:3      | Reached XP level 6. HP: 38/41 MP: 3/11
  3859 | D:3      | Found a bloodstained altar of Trog.
  3896 | D:3      | Reached XP level 7. HP: 46/46 MP: 12/12
  4118 | D:3      | Learned a level 4 spell: Summon Lightning Spire
  4219 | D:4      | Found a white marble altar of Elyvilon.
  4236 | D:4      | Reached skill level 7 in Summonings
  4623 | D:4      | Found a staircase to the Ecumenical Temple.
  4635 | Temple   | Entered the Ecumenical Temple
  4911 | D:4      | Reached XP level 8. HP: 52/52 MP: 5/15
  5074 | D:4      | Reached skill level 8 in Summonings
  5503 | D:5      | Entered Level 5 of the Dungeon
  5503 | D:5      | Noticed Ijyb
  5514 | D:5      | Killed Ijyb
  5515 | D:5      | Reached skill level 5 in Spellcasting
  5798 | D:5      | Found a shimmering altar of Xom.
  5968 | D:5      | Noticed Grinder
  5974 | D:5      | Killed Grinder
  5975 | D:5      | Reached skill level 9 in Summonings
  6090 | D:5      | Reached XP level 9. HP: 46/57 MP: 11/17
  6704 | D:6      | Noticed Prince Ribbit
  6728 | D:6      | Killed Prince Ribbit
  6729 | D:6      | Reached skill level 10 in Summonings
  6943 | D:6      | Noticed Dowan
  6944 | D:6      | Noticed Duvessa
  6952 | D:6      | Killed Dowan
  6964 | D:6      | Killed Duvessa
  7360 | D:6      | Noticed a nameless horror
  7370 | D:6      | Killed a nameless horror
  7671 | D:6      | Killed from afar by an orc priest

Illustrated notes

Levels and vault maps discovered:
D:1:      evilmike_arrival_rings, layout_loops_ring,
          shapermc_ecumenical_altar_notcrosses, serial_shops, shop
D:2:      layout_basic, st_stairs_2
D:3:      layout_rooms, lightli_temple_of_fire, uniq_sigmund
D:4:      layout_cave_pools, lemuel_round_altar, minmay_temple_entry_junction,
          nzn_random_ring
D:5:      layout_cave_pools, dk_xom_monty_hall, nicolae_figureground_sparkle,
          uniq_grinder, uniq_ijyb
D:6:      layout_loops_corners, uniq_crazy_yiuf_cottage, uniq_prince_ribbit1,
          uniq_duvessa
Temple:   hellmonk_temple_flake

Skill      XL: |  1  2  3  4  5  6  7  8  9 |
---------------+----------------------------+-----
Summonings     | 5 6 7 9 10 | 10.7
Spellcasting   | 3 4 5 6 |  6.6
Dodging        | |  2.0
Stealth        | |  2.0

Action                   |  1- 3 |  4- 6 |  7- 9 || total
-------------------------+-------+-------+-------++-------
Melee: Whip              |     5 |       |       ||     5
       Mace              |    53 |     3 |       ||    56
       Unarmed           |     4 |       |       ||     4
       Flail             |       |    62 |   100 ||   162
       Punch             |       |     1 |       ||     1
 Cast: Summon Small Mamm |     8 |     4 |    15 ||    27
       Call Canine Famil |     2 |    10 |    29 ||    41
       Call Imp          |     1 |     5 |    16 ||    22
       Summon Lightning  |       |       |    12 ||    12
  Use: Scroll            |       |       |     2 ||     2
       Potion            |       |       |     1 ||     1
 Stab: Sleeping          |     3 |     4 |     1 ||     8
       Distracted        |     1 |       |       ||     1
Armor: Robe              |     9 |    27 |    38 ||    74
Dodge: Dodged            |    46 |    49 |    99 ||   194
